 Dungeon Crawl Stone Soup version 0.29-a0-321-gf1c400731a (webtiles) character file.

Game seed: 15729542041939043557

48 kae the Firebug (level 3, -1/20 HPs)
             Began as a Tengu Fire Elementalist on Apr 4, 2022.
             Killed by nerve-wracking pain
             ... invoked by an orc priest
              (8 damage)
             ... on level 3 of the Dungeon.
             The game lasted 00:01:08 (2965 turns).

kae the Firebug (Tengu Fire Elementalist)           Turns: 2965, Time: 00:01:09

Health: -1/20      AC:  3    Str:  8    XL:     3   Next: 72%
Magic:  7/7        EV: 17    Int: 17    God:
Gold:   130        SH:  0    Dex: 18    Spells: 0/6 levels left

rFire   . . .      SeeInvis .   k - +7 mace of Uthum {vorpal, Will+ Dex+4}
rCold   . . .      Faith    .   (no shield)
rNeg    . . .      Spirit   .   a - +1 robe
rPois   .          Reflect  .   (helmet restricted)
rElec   .          Harm     .   (no cloak)
rCorr   .          Rampage  .   (no gloves)
Will    +....                   (boots unavailable)
Stlth   +.........              (no amulet)
HPRegen 0.06/turn               d - +4 ring of evasion
MPRegen 0.10/turn               (no ring)

@: confused, ambrosia-drunk
A: beak, talons 3
a: no special abilities


You were on level 3 of the Dungeon.
You visited 1 branch of the dungeon, and saw 3 of its levels.

You collected 130 gold pieces.

Inventory:

Hand Weapons
 e - a +0 whip
 k - the +7 mace of Uthum (weapon) {vorpal, Will+ Dex+4}
   (You found it on level 2 of the Dungeon)

   It inflicts extra damage upon your enemies.
   Dex:       It affects your dexterity (+4).
   Will:      It increases your willpower.
Armour
 a - a +1 robe (worn)
Jewellery
 d - a +4 ring of evasion (left hand)
Scrolls
 f - a scroll of fog {unknown}
 h - a scroll of teleportation {unknown}
 i - a scroll of enchant armour
Potions
 b - a potion of magic
 j - a potion of flight {unknown}


   Skills:
 + Level 0.9 Fighting
 + Level 0.7 Armour
 + Level 2.5 Dodging
 - Level 2.0 Stealth
 + Level 2.3 Spellcasting
 + Level 2.0 Conjurations
 * Level 4.0 Fire Magic


You couldn't memorise any spells.
You knew the following spells:

 Your Spells              Type           Power      Damage    Failure   Level
a - Foxfire               Conj/Fire      48%        2x1d6     5%          1
b - Scorch                Fire           30%        2d7       5%          2
c - Conjure Flame         Conj/Fire      12%        6-21      16%         3

Your spell library contained the following spells:

 Spells                   Type           Power      Damage    Failure   Level
 Inner Flame              Hex/Fire       8%         N/A       24%         3
 Sublimation of Blood     Necr           1%         N/A       28%         2
 Wereblood                Tmut           1%         N/A       28%         2
 Flame Wave               Conj/Fire      12%        2d6       47%         4
 Call Canine Familiar     Summ           1%         N/A       50%         3
 Portal Projectile        Hex/Tloc       2%         N/A       50%         3
 Leda's Liquefaction      Hex/Erth       0%         N/A       88%         4
 Blade Hands              Tmut           0%         N/A       99%         5
 Excruciating Wounds      Necr           0%         N/A       99%         5
 Summon Hydra             Summ           0%         N/A       100%        7


Dungeon Overview and Level Annotations

Branches:
Dungeon (3/15)

Altars:


Innate Abilities, Weirdness & Mutations

You have a beak for a mouth.
You have claws for feet.


Message History

An orc comes into view. It is wielding a +0 hand axe.
An orc comes into view. It is wielding a +0 club.
The orc shouts!
You hear a shout!
There are monsters nearby!
An orc comes into view. It is wielding a +0 dagger.
Found a scroll labelled PUESAFE SADE.
The orc moves out of view.
You barely miss the orc priest.
The orc shouts!
You claw the orc priest, but do no damage.
You peck the orc priest.
The orc priest is moderately wounded.
You hear a shout!
The orc priest hits you with a +0 club.
An orc priest comes into view. It is wielding a +0 falchion.
You sock the orc!
You kill the orc!
You sock the orc priest!
The orc priest is almost dead.
The orc priest looks encouraged for a moment.
You barely miss the orc priest.
The orc priest is almost dead.
The orc priest looks encouraged for a moment.
The orc priest invokes the aid of Beogh against you.
Beogh smites you! The orc priest barely misses you.
You are too injured to fight recklessly!
You are too injured to fight recklessly!
You are too injured to fight recklessly!
You are too injured to fight recklessly!
You are too injured to fight recklessly!
As you read the scroll labelled BAUHYI ROWE, it crumbles to dust.
Wisps of shadow whirl around you...
It was a scroll of summoning.
The orc closely misses your ball python.
The orc priest hits you with a +0 club.
* * * LOW HITPOINT WARNING * * *
It was a potion of ambrosia.
You are confused.
You feel invigorated.
The orc priest mumbles some strange prayers to Beogh against you.
Pain shoots through your body!
You die...

#. #. #. #o #o ###o
#?So## #@#######
#JS.....#
#..###J#####.#
#....!.....##
#########...#########
#.#..........
##..>#########
......## #####.#


You could see 2 orc priests, 2 orcs, a friendly adder (summoned), 2 friendly
endoplasms and a friendly ball python (summoned).

Vanquished Creatures
  4 dart slugs (D:1)
  An orc (D:3)
  4 ball pythons
  2 endoplasms
  2 giant cockroaches (D:1)
  3 goblins
  2 jackals (D:2)
  4 quokkas
  4 bats
  A frilled lizard (D:1)
  5 kobolds
  6 rats
38 creatures vanquished.

Vanquished Creatures (others)
  91 foxfires
91 creatures vanquished.

Grand Total: 129 creatures vanquished

Notes
Turn   | Place    | Note
-------+----------+-------------------------------------------
     0 | D:1      | kae the Tengu Fire Elementalist began the quest for the
                  | Orb.
     0 | D:1      | Reached XP level 1. HP: 10/10 MP: 4/4
   377 | D:1      | Reached XP level 2. HP: 10/16 MP: 0/6
  1262 | D:1      | Reached XP level 3. HP: 20/20 MP: 5/7
  1265 | D:1      | Learned a level 2 spell: Scorch
  1269 | D:1      | Learned a level 3 spell: Conjure Flame
  1859 | D:2      | Found a faded altar of an unknown god.
  2563 | D:2      | Identified the +7 mace of Uthum {vorpal, Will+ Dex+4}
  2914 | D:3      | Reached skill level 4 in Fire Magic
  2965 | D:3      | Killed from afar by an orc priest

Illustrated notes

Levels and vault maps discovered:
D:1:      mrwooster_arrival_statue_2, layout_loops_corners
D:2:      layout_basic, ebering_ecumenical_altar_abandoned
D:3:      minmay_skewed_foursquare, layout_loops_ring, lemuel_blue_sif_altar

Skill      XL: |  1  2  3 |
---------------+----------+-----
Conjurations   | 2 |  2.0
Fire Magic     | 4 |  4.0
Fighting       | |  0.9
Armour         | |  0.7
Dodging        | |  2.5
Stealth        | |  2.0
Spellcasting   | |  2.3

Action                   || total
-------------------------++-------
Melee: Unarmed           ||     7
       Peck              ||     5
       Kick              ||     4
       Whip              ||    18
       Mace              ||    11
 Cast: Foxfire           ||    62
  Use: Scroll            ||     4
       Potion            ||     1
 Stab: Sleeping          ||     2
Armor: Robe              ||     4
Dodge: Dodged            ||    21

Table legend: (Time is in decaauts)
 A = Elapsed time spent in this place.
 B = Non-inter-level travel time spent in this place.
 C = Inter-level travel time spent in this place.
 D = Time resting spent in this place.
 E = Time spent auto-exploring this place.
 F = Levels seen in this place.
 G = Mean time per level.
                   A        B        C        D        E       F      G
               +--------+--------+--------+--------+--------+-----+--------+
         Total |   2969 |   2850 |    119 |      0 |   2551 |   3 |  989.7 |
       Dungeon |   2969 |   2850 |    119 |      0 |   2551 |   3 |  989.7 |
               +--------+--------+--------+--------+--------+-----+--------+

Top non-repeatable levels by time:
     D:1: 1837 daAuts
     D:2: 1060 daAuts
     D:3: 72 daAuts
